 Dungeon Crawl Stone Soup version 0.31-a0-187-gba352fbbf7 (webtiles) character file.

Game seed: 8979592495341000776

573 qw the Markself (level 7, 0/36 HPs)
             Began as a Deep Elf Hunter on June 22, 2023.
             Slain by a gnoll sergeant
             ... wielding a +1 trident of protection
              (2 damage)
             ... on level 5 of the Dungeon.
             The game lasted 00:01:16 (3202 turns).

qw the Markself (Deep Elf Hunter)                   Turns: 3202, Time: 00:01:16

Health: 0/36       AC: 10    Str:  9    XL:     7   Next: 12%
Magic:  9/9        EV:  9    Int: 13    God:
Gold:   290        SH:  0    Dex: 22    Spells: 6/6 levels left

rFire   . . .        j - +0 shortbow (flame)
rCold   . . .        (shield currently unavailable)
rNeg    . . .        e - +4 scale mail
rPois   .            (no helmet)
rElec   .            (no cloak)
rCorr   .            (no gloves)
SInv    .            (no boots)
Will    .....        (no amulet)
Stlth   +            (no ring)
HPRegen 0.26/turn    (no ring)
MPRegen 0.11/turn

%: clarity
@: about to teleport
A: agile 1, clarity, frail 1, MP-powered wands
a: no special abilities


You were on level 5 of the Dungeon.
You visited 1 branch of the dungeon, and saw 5 of its levels.

You collected 290 gold pieces.


Innate Abilities, Weirdness & Mutations

You are agile. (Dex +4, Str/Int -1)
You possess an exceptional clarity of mind.
You are frail. (-10% HP)
You expend magic power (3 MP) to strengthen your wands.


   Skills:
 + Level 2.6 Fighting
 - Level 16.2 Ranged Weapons
 - Level 1.2 Armour
 - Level 3.3 Dodging
 - Level 1.2 Stealth


You had 6 spell levels left.
You didn't know any spells.
Your spell library was empty.

Inventory:

Hand Weapons
 j - a +0 shortbow of flaming (weapon)
Armour
 e - a +4 scale mail (worn)
Jewellery
 c - a ring of ice
Scrolls
 a - a scroll of identify
 i - 3 scrolls of blinking {unknown}
 k - 3 scrolls of teleportation
 l - a scroll of brand weapon {unknown}
Potions
 b - 2 potions of haste
 d - 2 potions of cancellation
 f - 2 potions of magic {unknown}
 h - a potion of brilliance {unknown}

Dungeon Overview and Level Annotations

Branches:
Dungeon (5/15)
 Temple: D:4-7

Altars:
Hepliaklqana
Trog

Shops:
D:1 !


Message History

The arrow completely misses the gnoll sergeant.
The gnoll sergeant hits you from afar with a +1 trident of protection.
The gnoll hits you but does no damage.
You shoot an arrow.
The arrow hits the gnoll sergeant but does no damage.
The gnoll sergeant is heavily wounded.
The gnoll sergeant barely misses you. The gnoll hits you but does no damage.
You shoot an arrow.
The arrow barely misses the gnoll sergeant.
The gnoll sergeant hits you from afar with a +1 trident of protection.
The gnoll misses you.
You shoot an arrow.
The arrow hits the gnoll sergeant but does no damage.
The gnoll sergeant is heavily wounded.
The gnoll sergeant misses you.
The gnoll hits you from afar with a +0 spear.
You shoot an arrow.
The arrow completely misses the gnoll sergeant.
The gnoll sergeant hits you from afar with a +1 trident of protection.
The gnoll barely misses you.
You shoot an arrow. The arrow hits the gnoll sergeant!
The arrow burns the gnoll sergeant.
The gnoll sergeant is almost dead.
The gnoll sergeant hits you from afar with a +1 trident of protection!
The gnoll hits you but does no damage.
3200 ||| READING 4 scrolls of teleportation.
As you read the scroll of teleportation, it crumbles to dust.
You feel strangely unstable.
The gnoll sergeant hits you but does no damage.
The gnoll hits you from afar with a +0 spear.
You shoot an arrow.
The arrow hits the gnoll sergeant but does no damage.
The gnoll sergeant is almost dead.
The gnoll sergeant barely misses you.
The gnoll hits you from afar with a +0 spear.
You shoot an arrow.
The arrow hits the gnoll sergeant but does no damage.
The gnoll sergeant is almost dead.
The gnoll sergeant hits you from afar with a +1 trident of protection.
You die...

#.##..#.......#..# #
#.......#
#.##..#.......#..#
###.#####
#..'..'###+###'..+ .# #.#
#.##..#.'.[.+.#..# #.# #.#
#)##..#.#...#.#..# #.# #.#
#..'##'.#._.#.'##+ #.# #.#
#.##..#.#...#.#..# #%# #.#
#.##..#.+...+.#..###.# #.#
#..+..+###'###+.@)g#.# #.#
####..#.......#..#g..# #.#
#..#.......#.)###%## #.#
###+###'###'###....## #.#
#.##+.# #.###.#..(###.#
##.##..# #...#.#.#...#.#
###..##.####.#.#.#.###.#.#
#..........>.#.#.#.# #)#.#
#............#.#.#.#
#...##


You could see a gnoll sergeant and a gnoll.

Vanquished Creatures
  A centaur (D:5)
  A phantom (D:4)
  A howler monkey (D:5)
  2 hounds
  Jessica (D:2)
  An iguana (D:5)
  A sleepcap (D:5)
  2 adders
  2 gnolls (D:5)
  A white imp (D:5)
  2 ufetubi
  2 worms
  A dart slug (D:4)
  An orc (D:4)
  6 bats
  6 endoplasms
  5 giant cockroaches
  8 goblins
  8 hobgoblins
  3 quokkas
  11 ball pythons
  4 frilled lizards
  10 kobolds
  8 rats
88 creatures vanquished.

Notes
Turn   | Place    | Note
-------+----------+-------------------------------------------
     0 | D:1      | qw the Deep Elf Hunter began the quest for the Orb.
     0 | D:1      | Reached XP level 1. HP: 12/12 MP: 3/3
     0 | D:1      | 0 ||| qw: Version: 0.3-a-9-g12657ce
     0 | D:1      | 0 ||| qw: Game counter: 2448
     0 | D:1      | 0 ||| qw: Always use a shield: true
     0 | D:1      | 0 ||| qw: God list: Okawaru
     0 | D:1      | 0 ||| qw: Allow faded altars: false
     0 | D:1      | 0 ||| qw: Do Orc after D:15 true
     0 | D:1      | 0 ||| qw: Do second Lair branch before Depths: true
     0 | D:1      | 0 ||| qw: Lair rune preference: random
     0 | D:1      | 0 ||| qw: Plans: Normal
     0 | D:1      | 0 ||| PLANNING D:1-11
    49 | D:1      | Found Tyasifad's Distillery.
    57 | D:1      | 57 ||| SHOPLISTING potion of curing (33 gold, have 0).
    57 | D:1      | 57 ||| SHOPLISTING potion of mutation (88 gold, have 0).
    94 | D:1      | Reached XP level 2. HP: 16/16 MP: 4/4
   242 | D:1      | Reached skill level 6 in Ranged Weapons
   533 | D:1      | 533 ||| UPGRADING to +4 scale mail.
   543 | D:1      | 543 ||| DROPPING +0 leather armour.
   544 | D:1      | 544 ||| READING scroll labelled TIAXZUGHY XAB.
   545 | D:1      | 545 ||| READING 2 scrolls labelled NIYMUBBYLIA.
   546 | D:1      | 546 ||| READING scroll of enchant weapon.
   546 | D:1      | 546 ||| ENCHANTING +1 shortbow.
   547 | D:1      | 547 ||| READING scroll labelled BETIRA IPTEI.
   548 | D:1      | 548 ||| READING scroll labelled XUETEN MUXUXT.
   549 | D:1      | 549 ||| READING scroll labelled BAMUOH ATUIRGH.
   550 | D:1      | 550 ||| READING 2 scrolls labelled IVUSO WAL LOLU.
   555 | D:1      | 555 ||| DROPPING scroll of butterflies.
   654 | D:2      | Reached XP level 3. HP: 20/20 MP: 5/5
   721 | D:2      | Identified the +0 robe of the Poles {rN+}
   829 | D:2      | Noticed Jessica
   832 | D:2      | Killed Jessica
   833 | D:2      | Reached skill level 7 in Ranged Weapons
   876 | D:2      | Reached XP level 4. HP: 25/25 MP: 6/6
  1353 | D:2      | 1353 ||| DROPPING amulet of magic regeneration.
  1354 | D:2      | 1354 ||| READING scroll labelled DOKHYTEOCA.
  1355 | D:2      | 1355 ||| DRINKING 2 bubbling silvery potions.
  1355 | D:2      | Gained mutation: You occasionally lose the ability to drink
                  | potions when taking damage. [potion of mutation]
  1355 | D:2      | Gained mutation: Your mind is acute. (Int +4, Str/Dex -1)
                  | [potion of mutation]
  1356 | D:2      | 1356 ||| DRINKING potion of mutation.
  1356 | D:2      | Lost mutation: Your mind is acute. (Int +4, Str/Dex -1)
                  | [potion of mutation]
  1356 | D:2      | Lost mutation: You occasionally lose the ability to drink
                  | potions when taking damage. [potion of mutation]
  1356 | D:2      | Gained mutation: You are agile. (Dex +4, Str/Int -1)
                  | [potion of mutation]
  1356 | D:2      | Gained mutation: You possess an exceptional clarity of
                  | mind. [potion of mutation]
  1356 | D:2      | Gained mutation: You are frail. (-10% HP) [potion of
                  | mutation]
  1356 | D:2      | Gained mutation: You expend magic power (3 MP) to
                  | strengthen your wands. [potion of mutation]
  1357 | D:2      | 1357 ||| READING 2 scrolls of identify.
  1357 | D:2      | 1357 ||| IDENTIFYING lumpy orange potion
  1940 | D:3      | 1940 ||| DRINKING 4 lumpy sapphire potions.
  1941 | D:3      | 1941 ||| READING 2 scrolls of identify.
  1941 | D:3      | 1941 ||| IDENTIFYING grey potion
  1942 | D:3      | 1942 ||| DRINKING potion of experience.
  1942 | D:3      | Reached skill level 16 in Ranged Weapons
  1942 | D:3      | Reached XP level 5. HP: 26/26 MP: 7/7
  2063 | D:4      | Noticed a phantom
  2076 | D:4      | Killed a phantom
  2077 | D:4      | Reached XP level 6. HP: 29/31 MP: 8/8
  2248 | D:4      | 2248 ||| Stepping ~*~*~tactically~*~*~ (outnumbered).
  2250 | D:4      | 2250 ||| Stepping ~*~*~tactically~*~*~ (outnumbered).
  2744 | D:4      | 2744 ||| READING scroll labelled MYAZIT YWORGH.
  2745 | D:4      | 2745 ||| READING scroll labelled GEATER QELIKHLI.
  2746 | D:4      | 2746 ||| READING 2 scrolls of identify.
  2746 | D:4      | 2746 ||| IDENTIFYING green potion
  2767 | D:5      | Entered Level 5 of the Dungeon
  2775 | D:5      | Reached skill level 1 in Armour
  2883 | D:5      | Reached skill level 3 in Dodging
  2901 | D:5      | 2901 ||| SWAPPING to +0 shortbow of flaming.
  2902 | D:5      | 2902 ||| DROPPING +2 shortbow.
  2947 | D:5      | 2947 ||| FLEEEEING.
  2948 | D:5      | 2948 ||| FLEEEEING.
  2949 | D:5      | 2949 ||| FLEEEEING.
  2950 | D:5      | 2950 ||| FLEEEEING.
  2951 | D:5      | 2951 ||| FLEEEEING.
  2966 | D:5      | Reached XP level 7. HP: 21/36 MP: 9/9
  2967 | D:5      | HP: 8/36 [gnoll sergeant/+1 trident of protection (5)]
  2968 | D:5      | 2968 ||| READING 6 scrolls of teleportation.
  2968 | D:5      | HP: 3/36 [gnoll sergeant/+1 trident of protection (6)]
  2969 | D:5      | 2969 ||| DRINKING 3 potions of heal wounds.
  3047 | D:5      | Found a hazy altar of Hepliaklqana.
  3086 | D:5      | Found a bloodstained altar of Trog.
  3146 | D:5      | HP: 4/36 [gnoll sergeant/+1 trident of protection (11)]
  3147 | D:5      | 3147 ||| READING 5 scrolls of teleportation.
  3147 | D:5      | HP: 1/36 [gnoll sergeant/+1 trident of protection (3)]
  3148 | D:5      | 3148 ||| DRINKING 2 potions of heal wounds.
  3150 | D:5      | 3150 ||| DRINKING potion of heal wounds.
  3199 | D:5      | HP: 7/36 [gnoll sergeant/+1 trident of protection (9)]
  3200 | D:5      | 3200 ||| READING 4 scrolls of teleportation.
  3200 | D:5      | HP: 3/36 [gnoll/+0 spear[a gnoll sergeant] (4)]
  3201 | D:5      | HP: 1/36 [gnoll/+0 spear[a gnoll sergeant] (2)]
  3202 | D:5      | Slain by a gnoll sergeant

Levels and vault maps discovered:
D:1:      psy_arrival_terrarium, layout_loops_ring, serial_shops, shop
D:2:      layout_basic, uniq_jessica
D:3:      layout_loops_cross
D:4:      layout_basic, serial_bayou_pond_d, solitary_fountain
D:5:      layout_basic, lemuel_tele_altar, mainiacjoe_overflow_24_doors

Skill      XL: |  1  2  3  4  5  6 |
---------------+-------------------+-----
Ranged Weapons | 6 7 16 | 16.2
Fighting       | 2 |  2.6
Armour         | 1 |  1.2
Dodging        | 3 |  3.3
Stealth        | |  1.2

Action                     |  1- 3 |  4- 6 |  7- 9 || total
---------------------------+-------+-------+-------++-------
   Fire: Shortbow          |    88 |   133 |    33 ||   254
    Use: Scroll            |     7 |     6 |     3 ||    16
         Potion            |       |     4 |     3 ||     7
 Armour: Scale mail        |     7 |    38 |    18 ||    63
         Leather armour    |     1 |       |       ||     1
  Dodge: Dodged            |    13 |    33 |    18 ||    64

Table legend:
 A = Non-vault XP
 B = Vault XP
 C = Vault XP percentage of total XP
 D = Non-vault monster count
 E = Vault monster count
 F = Vault count percentage of total count
                 A         B        C        D         E       F
            +---------+---------+-------+---------+---------+-------
      Total |     644 |      37 |   5.4 |      87 |       1 |   1.1
            +---------+---------+-------+---------+---------+-------
        D:1 |      36 |       0 |   0.0 |      22 |       0 |   0.0
        D:2 |      36 |      37 |  50.7 |      20 |       1 |   4.8
        D:3 |      34 |       0 |   0.0 |      19 |       0 |   0.0
        D:4 |     195 |       0 |   0.0 |      16 |       0 |   0.0
        D:5 |     343 |       0 |   0.0 |      10 |       0 |   0.0
            +---------+---------+-------+---------+---------+-------
